Comets vs Phantoms
Created - June 12, 2022 at 07:25
Goals
|
| Comets |
0 |
2 |
2 |
4 |
| Phantoms |
1 |
3 |
1 |
5 |
|
Shots
|
| Comets |
3 |
14 |
14 |
31 |
| Phantoms |
9 |
18 |
8 |
35 |
|
1st period
1. Phantoms , Erik Nystrom 19 (Cristoval Nieves 32) at 19:08
Penalties :
Jake Dotchin (Leh) for Hooking (Minor) at 16:56
2nd period
2. Phantoms , Sven Andrighetto 22 (Reid McNeill 21, Jake Dotchin 37) at 1:41
3. Phantoms , Lucas Wallmarkk 8 (Brendan Leipsic 6) at 3:33
4. Comets , Taylor Beck 38 (Dennis Everberg 56) at 7:52
5. Comets , Nathan Gerbe 15 (Taylor Beck 57, Dennis Everberg 57) at 13:50 (PP)
6. Phantoms , Travis Konecny 59 (Michael Bournival 42, Calle Jarnkrok 70) at 19:46
Penalties :
Juuso Riikola (Uti) for Slashing (Minor) at 4:10, Jake Dotchin (Leh) for Slashing (Minor) at 13:36, Joshua Leivo (Uti) for Holding (Minor) at 15:35
3rd period
7. Comets , Joshua Leivo 22 (Andrej Nestrasil 44, Oliver Kylington 19) at 2:44
8. Phantoms , Travis Konecny 60 (Reid McNeill 22, Ivan Provorov 35) at 7:23
9. Comets , Nicolas Petan 15 (Juho Lammikko 14) at 12:29
Penalties :
No Penalty
Goalie Stats
Thatcher Demko (Uti), 30 saves from 35 shots - (0.857), L, 8-11-0, 60:00 minutes
Anton Forsberg (Leh), 27 saves from 31 shots - (0.871), W, 32-19-2, 60:00 minutes
Players Stats for Comets
Player Name G A P +/- PIM S H SB GA TA FO MP PP MP PK MP
------------------------------------------------------------------------------------
Andrej Nestrasil 0 1 1 1 0 2 3 0 1 0 2/6 16:07 0:54 0:52
Anton Karlsson 0 0 0 -1 0 1 0 0 0 0 0/0 1:26 0:04 1:06
Anton Zlobin 0 0 0 -2 0 0 1 0 0 0 0/1 8:29 0:04 0:00
Axel Holmstrom 0 0 0 -1 0 0 0 0 0 0 3/5 8:12 0:00 0:00
Dennis Everberg 0 2 2 -2 0 1 3 4 1 1 2/2 22:30 1:15 2:09
Jordan Gross 0 0 0 -1 0 0 0 1 0 1 0/0 13:21 0:00 1:11
Joshua Leivo 1 0 1 1 2 4 2 0 0 0 0/0 15:22 0:54 0:00
Juho Lammikko 0 1 1 1 0 1 1 0 0 0 0/0 11:57 0:00 0:00
Juuso Riikola 0 0 0 -1 2 0 1 3 0 3 0/0 26:54 1:27 1:23
Kurtis Macdermid 0 0 0 -1 0 1 4 0 0 0 0/0 8:12 0:00 0:00
Mackenzie MacEachern 0 0 0 1 0 4 0 1 0 0 0/0 11:57 0:00 0:00
Nathan Gerbe 1 0 1 -2 0 4 3 1 0 0 12/31 21:02 1:15 0:49
Nicolas Petan 1 0 1 1 0 1 0 0 1 0 4/7 11:57 0:00 0:00
Oliver Kylington 0 1 1 0 0 1 0 0 0 0 0/0 19:41 0:46 1:21
Oskar Steen 0 0 0 0 0 0 0 0 0 0 0/0 0:00 0:00 0:00
Patrick Wey 0 0 0 -1 0 2 5 2 1 1 0/0 27:27 1:27 2:34
Phil Di Giuseppe 0 0 0 1 0 2 0 1 0 0 0/0 15:12 0:54 0:00
Rasmus Asplund 0 0 0 0 0 0 0 0 0 0 0/0 0:00 0:00 0:00
Sami Niku 0 0 0 0 0 0 3 1 1 0 0/0 19:41 0:46 1:21
Taylor Beck 1 1 2 -2 0 5 1 0 1 2 3/4 22:27 1:15 2:06
Taylor Leier 0 0 0 0 0 0 0 0 0 0 0/0 0:00 0:00 0:00
Thomas DiPauli 0 0 0 0 0 0 0 0 0 0 0/0 0:00 0:00 0:00
Tyler Graovac 0 0 0 -1 0 0 0 0 0 0 0/0 0:17 0:04 0:00
William Lagesson 0 0 0 -1 0 2 0 1 0 0 0/0 12:52 0:00 0:03
William Lockwood 0 0 0 0 0 0 0 0 0 0 1/2 0:57 0:00 0:57
Players Stats for Phantoms
Player Name G A P +/- PIM S H SB GA TA FO MP PP MP PK MP
------------------------------------------------------------------------------------
A.J. Greer 0 0 0 0 0 0 0 0 0 0 0/0 0:36 0:00 0:36
Alex DeBrincat 0 0 0 -1 0 6 0 1 0 1 0/0 17:23 1:54 0:00
Anthony Angello 0 0 0 0 0 0 0 0 0 0 0/0 0:36 0:00 0:36
Blake Heinrich 0 0 0 1 0 0 1 0 0 1 0/0 19:28 1:56 0:43
Brendan Leipsic 0 1 1 1 0 2 0 0 0 0 0/0 7:38 0:00 0:00
Brenden Kichton 0 0 0 0 0 2 0 3 0 0 0/0 12:24 0:00 1:07
Brett Murray 0 0 0 0 0 0 0 0 0 0 0/0 0:00 0:00 0:00
Calle Jarnkrok 0 1 1 1 0 2 1 2 1 0 19/31 21:57 2:04 1:09
Cristoval Nieves 0 1 1 1 0 1 2 1 0 0 2/5 11:53 0:00 0:00
David Kampf 0 0 0 0 0 0 0 0 0 0 0/0 0:00 0:00 0:00
Devon Teows 0 0 0 0 0 0 0 0 0 0 0/0 5:26 0:00 0:23
Erik Nystrom 1 0 1 1 0 2 0 0 0 0 1/2 11:53 0:00 0:00
Ivan Provorov 0 1 1 1 0 1 0 1 0 0 0/0 19:28 1:56 0:43
Jake Dotchin 0 1 1 1 4 0 0 1 2 1 0/0 22:45 2:02 0:00
JC Lipon 0 0 0 1 0 0 2 0 0 0 0/0 7:38 0:00 0:00
Laurent Dauphin 0 0 0 0 0 0 0 0 0 0 0/0 0:00 0:00 0:00
Lucas Wallmarkk 1 0 1 1 0 2 0 0 0 0 0/2 7:38 0:00 0:00
Michael Bournival 0 1 1 1 0 3 6 3 1 0 1/4 21:57 2:04 1:09
Mikko Lehtonen 0 0 0 0 0 1 0 0 0 0 0/0 4:58 0:00 0:00
Nick Shore 0 0 0 -1 0 2 0 0 0 0 8/14 17:23 1:54 0:00
Nick Sorensen 0 0 0 1 0 0 1 0 0 0 0/0 11:53 0:00 0:00
Reid McNeill 0 2 2 1 0 1 1 4 1 1 0/0 24:17 2:02 1:30
Rinat Valiev 0 0 0 0 0 1 1 0 0 1 0/0 11:17 0:00 0:00
Sven Andrighetto 1 0 1 -1 0 4 3 1 1 1 0/0 17:56 1:54 0:28
Travis Konecny 2 0 2 1 0 5 2 0 2 0 0/0 21:21 2:04 0:28
3 Stars
1 - Travis Konecny (Leh)
2 - Michael Bournival (Leh)
3 - Reid McNeill (Leh)
Power Play
Comets - 1 on 2 Attempt(s) - 50.00%
Phantoms - 0 on 2 Attempt(s) - 0.00%
Penalty Kill
Comets - 2 on 2 Attempt(s) - 100.00%
- Score 0 goal in Penalty Kill
Phantoms - 1 on 2 Attempt(s) - 50.00%
- Score 0 goal in Penalty Kill
Team Stat
Comets - Hits : 27 - Faceoff Wins : 27 - Blocked Shots : 15 - Penalty Minutes : 4
Phantoms - Hits : 20 - Faceoff Wins : 31 - Blocked Shots : 17 - Penalty Minutes : 4
Official
Referees : Jacob Brenk and Brandon Schrader
Linesman : Bryan Pancich and Julien Fournier
Game Notes
17:45 of 2nd period - Comets goal is going for a video replay. After video review, No Goal. The puck has been directed, batted or thrown into the net by an attacking player other than with a stick.
Finance
Level 1 -- Attendance: 1724 (86.20%) -- Ticket Income $60,340
Level 2 -- Attendance: 582 (58.20%) -- Ticket Income $11,640
Total Attendance: 2306 (76.87%)
Total Ticket Income: $71,980
Other Income: $3,599
Total Income: $75,579
Comets
5 vs 5 Forward
Center Left Wing Right Wing Time % Phy DF OF
1 Nathan Gerbe Taylor Beck Dennis Everberg 40 1 2 2
2 Andrej Nestrasil Phil Di Giuseppe Joshua Leivo 30 1 2 2
3 Nicolas Petan Mackenzie MacEachern Juho Lammikko 20 1 2 2
4 Axel Holmstrom Kurtis Macdermid Anton Zlobin 10 1 2 2
5 vs 5 Defense
Defense Defense Time % Phy DF OF
1 Patrick Wey Juuso Riikola 40 1 2 2
2 Oliver Kylington Sami Niku 30 1 2 2
3 William Lagesson Jordan Gross 20 1 2 2
4 Patrick Wey Juuso Riikola 10 1 2 2
PowerPlay Forward
Center Left Wing Right Wing Time % Phy DF OF
1 Nathan Gerbe Taylor Beck Dennis Everberg 60 1 2 2
2 Andrej Nestrasil Phil Di Giuseppe Joshua Leivo 40 1 2 2
PowerPlay Defense
Defense Defense Time % Phy DF OF
1 Patrick Wey Juuso Riikola 60 1 2 2
2 Oliver Kylington Sami Niku 40 1 2 2
Penalty Kill 4 Players Forward
Center Wing Time % Phy DF OF
1 Dennis Everberg Taylor Beck 60 1 2 2
2 Nathan Gerbe Andrej Nestrasil 40 1 2 2
Penalty Kill 4 Players Defense
Defense Defense Time % Phy DF OF
1 Patrick Wey Juuso Riikola 60 1 2 2
2 Oliver Kylington Sami Niku 40 1 2 2
Penalty Kill - 3 Players Forward
Forward Time % Phy DF OF
1 Dennis Everberg 60 1 2 2
2 Taylor Beck 40 1 2 2
Penalty Kill - 3 Players Defense
Defense Defense Time % Phy DF OF
1 Patrick Wey Juuso Riikola 60 1 2 2
2 Oliver Kylington Sami Niku 40 1 2 2
4 vs 4 Forward
Center Wing Time % Phy DF OF
1 Dennis Everberg Taylor Beck 60 1 2 2
2 Nathan Gerbe Andrej Nestrasil 40 1 2 2
4 vs 4 Defense
Defense Defense Time % Phy DF OF
1 Patrick Wey Juuso Riikola 60 1 2 2
2 Oliver Kylington Sami Niku 40 1 2 2
Last Minutes Offensive
Center Left Wing Right Wing Defense Defense
Nathan Gerbe Taylor Beck Dennis Everberg Patrick Wey Juuso Riikola
Last Minutes Defensive
Center Left Wing Right Wing Defense Defense
Nathan Gerbe Taylor Beck Dennis Everberg Patrick Wey Juuso Riikola
Goaltenders
Starting : Thatcher Demko
Backup : Alexandar Georgiev
Extra Forwards
Normal : Tyler Graovac, Anton Karlsson, William Lockwood - PP : Tyler Graovac, Anton Karlsson - PK : William Lockwood
Extra Defensemen
Normal : William Lagesson, Jordan Gross, Oliver Kylington - PP : William Lagesson - PK : Jordan Gross, Oliver Kylington
Penalty Shots
Dennis Everberg, Taylor Beck, Nathan Gerbe, Andrej Nestrasil, Joshua Leivo
Scratches
Jeremy Roy (Healthy), Dan Renouf (Broken Bone (Right Arm) Injury), Dmitry Sokolov (Healthy), Marek Langhamer (Healthy)
Phantoms
5 vs 5 Forward
Center Left Wing Right Wing Time % Phy DF OF
1 Calle Jarnkrok Michael Bournival Travis Konecny 40 1 2 2
2 Nick Shore Alex DeBrincat Sven Andrighetto 30 1 2 2
3 Cristoval Nieves Erik Nystrom Nick Sorensen 20 1 2 2
4 Lucas Wallmarkk Brendan Leipsic JC Lipon 10 1 2 2
5 vs 5 Defense
Defense Defense Time % Phy DF OF
1 Jake Dotchin Reid McNeill 40 1 2 2
2 Ivan Provorov Blake Heinrich 30 1 2 2
3 Rinat Valiev Brenden Kichton 20 1 2 2
4 Devon Teows Mikko Lehtonen 10 1 2 2
PowerPlay Forward
Center Left Wing Right Wing Time % Phy DF OF
1 Calle Jarnkrok Michael Bournival Travis Konecny 60 1 2 2
2 Nick Shore Alex DeBrincat Sven Andrighetto 40 1 2 2
PowerPlay Defense
Defense Defense Time % Phy DF OF
1 Jake Dotchin Reid McNeill 60 1 2 2
2 Ivan Provorov Blake Heinrich 40 1 2 2
Penalty Kill 4 Players Forward
Center Wing Time % Phy DF OF
1 Michael Bournival Calle Jarnkrok 60 1 2 2
2 Travis Konecny Sven Andrighetto 40 1 2 2
Penalty Kill 4 Players Defense
Defense Defense Time % Phy DF OF
1 Jake Dotchin Reid McNeill 60 1 2 2
2 Ivan Provorov Blake Heinrich 40 1 2 2
Penalty Kill - 3 Players Forward
Forward Time % Phy DF OF
1 Michael Bournival 60 1 2 2
2 Calle Jarnkrok 40 1 2 2
Penalty Kill - 3 Players Defense
Defense Defense Time % Phy DF OF
1 Jake Dotchin Reid McNeill 60 1 2 2
2 Ivan Provorov Blake Heinrich 40 1 2 2
4 vs 4 Forward
Center Wing Time % Phy DF OF
1 Michael Bournival Calle Jarnkrok 60 1 2 2
2 Travis Konecny Sven Andrighetto 40 1 2 2
4 vs 4 Defense
Defense Defense Time % Phy DF OF
1 Jake Dotchin Reid McNeill 60 1 2 2
2 Ivan Provorov Blake Heinrich 40 1 2 2
Last Minutes Offensive
Center Left Wing Right Wing Defense Defense
Calle Jarnkrok Michael Bournival Travis Konecny Jake Dotchin Reid McNeill
Last Minutes Defensive
Center Left Wing Right Wing Defense Defense
Calle Jarnkrok Michael Bournival Travis Konecny Jake Dotchin Reid McNeill
Goaltenders
Starting : Anton Forsberg
Backup : Zachary Fucale
Extra Forwards
Normal : David Kampf, Laurent Dauphin, Anthony Angello - PP : David Kampf, Laurent Dauphin - PK : Anthony Angello
Extra Defensemen
Normal : Rinat Valiev, Brenden Kichton, Devon Teows - PP : Rinat Valiev - PK : Brenden Kichton, Devon Teows
Penalty Shots
Michael Bournival, Calle Jarnkrok, Travis Konecny, Sven Andrighetto, Alex DeBrincat
Scratches
Cooper Marody (Healthy), Mark Alt (Sprained Right Knee Injury), Morgan Klimchuk (Groin Injury), Matt Kiersted (Healthy), Riley Stillman (Healthy)
Jason Kasdorf (Healthy)
% Time on Ice - Comets
Lines # - Real PCT - Wanted PCT - Time Play
Normal Forward
1 - 34% - 40% - 18:06
2 - 27% - 30% - 14:21
3 - 23% - 20% - 11:57
4 - 16% - 10% - 8:12
Normal Defense
1 - 39% - 40% - 20:18
2 - 33% - 30% - 17:34
3 - 23% - 20% - 12:10
4 - 5% - 10% - 2:34
PP Forward
1 - 59% - 60% - 1:19
2 - 41% - 40% - 0:54
PP Defense
1 - 65% - 60% - 1:27
2 - 35% - 40% - 0:46
PK Forward
1 - 79% - 60% - 3:09
2 - 21% - 40% - 0:49
PK Defense
1 - 69% - 60% - 2:44
2 - 31% - 40% - 1:14
PK3 Forward
1 - 0% - 60%
2 - 0% - 40%
PK3 Defense
1 - 0% - 60%
2 - 0% - 40%
44 Forward
1 - 0% - 60%
2 - 0% - 40%
44 Defense
1 - 0% - 60%
2 - 0% - 40%
Last Minute Offensive - 1:13
Last Minute Defensive - 0:00
Total
Forward - 60:00
Defense - 60:00
|
% Time on Ice - Phantoms
Lines # - Real PCT - Wanted PCT - Time Play
Normal Forward
1 - 33% - 40% - 17:30
2 - 30% - 30% - 15:34
3 - 23% - 20% - 11:53
4 - 15% - 10% - 7:38
Normal Defense
1 - 39% - 40% - 20:45
2 - 30% - 30% - 15:35
3 - 21% - 20% - 11:17
4 - 9% - 10% - 4:58
PP Forward
1 - 52% - 60% - 2:04
2 - 48% - 40% - 1:54
PP Defense
1 - 51% - 60% - 2:02
2 - 49% - 40% - 1:56
PK Forward
1 - 79% - 60% - 1:45
2 - 21% - 40% - 0:28
PK Defense
1 - 68% - 60% - 1:30
2 - 32% - 40% - 0:43
PK3 Forward
1 - 0% - 60%
2 - 0% - 40%
PK3 Defense
1 - 0% - 60%
2 - 0% - 40%
44 Forward
1 - 0% - 60%
2 - 0% - 40%
44 Defense
1 - 0% - 60%
2 - 0% - 40%
Last Minute Offensive - 0:00
Last Minute Defensive - 1:14
Total
Forward - 60:00
Defense - 60:00
|
Play-by-Play
1st period
0:01 of 1st period - Calle Jarnkrok wins face-off versus Nathan Gerbe in neutral zone.
0:42 of 1st period - Juuso Riikola is hit by Sven Andrighetto and loses puck.
2:17 of 1st period - Wrist shot by Erik Nystrom.
2:17 of 1st period - Stopped by Thatcher Demko with a rebound.
2:21 of 1st period - Wrist shot by Cristoval Nieves.
2:21 of 1st period - Shot Misses the Net.
2:52 of 1st period - Dennis Everberg is hit by Michael Bournival and loses puck.
4:39 of 1st period - Snap shot by Alex DeBrincat.
4:39 of 1st period - Stopped by Thatcher Demko with a rebound.
4:59 of 1st period - Snap shot by Joshua Leivo.
4:59 of 1st period - Shot Blocked by Brenden Kichton.
5:01 of 1st period - Snap shot by William Lagesson.
5:01 of 1st period - Shot Blocked by Brenden Kichton.
5:03 of 1st period - Slapshot by Jordan Gross.
5:03 of 1st period - Shot Blocked by Alex DeBrincat.
5:05 of 1st period - Slapshot by William Lagesson.
5:05 of 1st period - Stopped by Anton Forsberg with a rebound.
5:36 of 1st period - Rinat Valiev is hit by Joshua Leivo and loses puck.
5:50 of 1st period - Icing by Brenden Kichton.
5:51 of 1st period - Nick Shore wins face-off versus Taylor Beck in Phantoms zone.
6:20 of 1st period - Snap shot by Nick Shore.
6:20 of 1st period - Shot Misses the Net.
6:22 of 1st period - Snap shot by Sven Andrighetto.
6:22 of 1st period - Stopped by Thatcher Demko without a rebound.
6:23 of 1st period - Calle Jarnkrok wins face-off versus Nicolas Petan in Comets zone.
6:32 of 1st period - Snap shot by Calle Jarnkrok.
6:32 of 1st period - Stopped by Thatcher Demko without a rebound.
6:33 of 1st period - Nathan Gerbe wins face-off versus Calle Jarnkrok in Comets zone.
7:02 of 1st period - Snap shot by Axel Holmstrom.
7:02 of 1st period - Deflect By Jake Dotchin.
7:02 of 1st period - Shot Blocked by Michael Bournival.
7:02 of 1st period - Puck is out of play.
7:03 of 1st period - Cristoval Nieves wins face-off versus Axel Holmstrom in Phantoms zone.
7:03 of 1st period - Cristoval Nieves is hit by Anton Zlobin.
7:29 of 1st period - Lucas Wallmarkk is hit by Sami Niku and loses puck.
7:38 of 1st period - Dennis Everberg is hit by JC Lipon.
7:44 of 1st period - Oliver Kylington is hit by JC Lipon and loses puck.
8:17 of 1st period - Calle Jarnkrok is hit by Kurtis Macdermid and loses puck.
8:32 of 1st period - Snap shot by Erik Nystrom.
8:32 of 1st period - Shot Blocked by Nathan Gerbe.
9:46 of 1st period - Rinat Valiev is hit by Juuso Riikola and loses puck.
10:15 of 1st period - Lucas Wallmarkk is hit by Patrick Wey and loses puck.
10:54 of 1st period - Lucas Wallmarkk is hit by Sami Niku.
12:12 of 1st period - Jake Dotchin is hit by Kurtis Macdermid.
13:00 of 1st period - Off-side.
13:01 of 1st period - Axel Holmstrom wins face-off versus Cristoval Nieves in neutral zone.
13:04 of 1st period - Slapshot by Patrick Wey.
13:04 of 1st period - Stopped by Anton Forsberg with a rebound.
13:26 of 1st period - Patrick Wey is hit by Sven Andrighetto and loses puck.
13:53 of 1st period - Snap shot by Michael Bournival.
13:53 of 1st period - Stopped by Thatcher Demko with a rebound.
14:05 of 1st period - Wrist shot by Lucas Wallmarkk.
14:05 of 1st period - Shot Misses the Net.
14:07 of 1st period - Wrist shot by Brendan Leipsic.
14:07 of 1st period - Shot Blocked by Jordan Gross.
14:41 of 1st period - Taylor Beck is hit by Calle Jarnkrok and loses puck.
15:06 of 1st period - Snap shot by Sven Andrighetto.
15:06 of 1st period - Shot Misses the Net.
15:08 of 1st period - Snap shot by Rinat Valiev.
15:08 of 1st period - Deflect By Juuso Riikola.
15:08 of 1st period - Stopped by Thatcher Demko without a rebound.
15:09 of 1st period - Calle Jarnkrok wins face-off versus Nathan Gerbe in Comets zone.
15:34 of 1st period - Phil Di Giuseppe is hit by Cristoval Nieves and loses puck.
15:45 of 1st period - Snap shot by Cristoval Nieves.
15:45 of 1st period - Stopped by Thatcher Demko with a rebound.
15:47 of 1st period - Wrist shot by Cristoval Nieves.
15:47 of 1st period - Shot Blocked by Phil Di Giuseppe.
16:21 of 1st period - Snap shot by Brendan Leipsic.
16:21 of 1st period - Stopped by Thatcher Demko without a rebound.
16:22 of 1st period - Taylor Beck wins face-off versus Calle Jarnkrok in Comets zone.
16:22 of 1st period - Taylor Beck is hit by Travis Konecny.
16:34 of 1st period - Wrist shot by Nathan Gerbe.
16:34 of 1st period - Stopped by Anton Forsberg without a rebound.
16:35 of 1st period - Nathan Gerbe wins face-off versus Calle Jarnkrok in Phantoms zone.
16:36 of 1st period - Snap shot by Dennis Everberg.
16:36 of 1st period - Shot Blocked by Reid McNeill.
16:46 of 1st period - Wrist shot by Dennis Everberg.
16:46 of 1st period - Shot Misses the Net.
16:48 of 1st period - Slapshot by Patrick Wey.
16:48 of 1st period - Shot Misses the Net.
16:50 of 1st period - Snap shot by Taylor Beck.
16:50 of 1st period - Shot Blocked by Calle Jarnkrok.
16:56 of 1st period - Minor Penalty to Jake Dotchin for Hooking.
16:57 of 1st period - Michael Bournival wins face-off versus Nathan Gerbe in Phantoms zone.
16:57 of 1st period - Michael Bournival is hit by Dennis Everberg.
17:08 of 1st period - Slapshot by Patrick Wey.
17:08 of 1st period - Shot Blocked by Reid McNeill.
17:10 of 1st period - Backhand shot by Dennis Everberg.
17:10 of 1st period - Shot Misses the Net.
17:12 of 1st period - Slapshot by Dennis Everberg.
17:12 of 1st period - Shot Misses the Net.
17:22 of 1st period - Juuso Riikola is hit by Michael Bournival and loses puck.
17:31 of 1st period - Calle Jarnkrok is hit by Patrick Wey and loses puck.
18:55 of 1st period - Anton Zlobin is hit by Travis Konecny.
18:56 of 1st period - Penalty to Jake Dotchin is over, Jake Dotchin is back on ice.
19:00 of 1st period - Icing by Sami Niku.
19:01 of 1st period - Erik Nystrom wins face-off versus Anton Zlobin in Comets zone.
19:08 of 1st period - Snap shot by Erik Nystrom.
19:08 of 1st period - Goal by Erik Nystrom - Comets : 0 - Phantoms : 1.
19:09 of 1st period - Calle Jarnkrok wins face-off versus Nathan Gerbe in neutral zone.
19:18 of 1st period - Snap shot by Michael Bournival.
19:18 of 1st period - Shot Misses the Net.
Goals for this period are 0 for Comets vs 1 for Phantoms.
Shots for this period are 3 for Comets vs 9 for Phantoms.
2nd period
0:01 of 2nd period - Calle Jarnkrok wins face-off versus Nathan Gerbe in neutral zone.
0:06 of 2nd period - Wrist shot by Michael Bournival.
0:06 of 2nd period - Shot Blocked by Dennis Everberg.
0:49 of 2nd period - Cristoval Nieves is hit by Kurtis Macdermid and loses puck.
0:58 of 2nd period - Icing by Axel Holmstrom.
0:59 of 2nd period - Axel Holmstrom wins face-off versus Michael Bournival in Comets zone.
1:18 of 2nd period - Icing by Rinat Valiev.
1:19 of 2nd period - Nathan Gerbe wins face-off versus Calle Jarnkrok in Phantoms zone.
1:20 of 2nd period - Wrist shot by Taylor Beck.
1:20 of 2nd period - Shot Misses the Net.
1:28 of 2nd period - Wrist shot by Travis Konecny.
1:28 of 2nd period - Stopped by Thatcher Demko without a rebound.
1:29 of 2nd period - Nathan Gerbe wins face-off versus Nick Shore in Comets zone.
1:39 of 2nd period - Slapshot by Reid McNeill.
1:39 of 2nd period - Shot Misses the Net.
1:41 of 2nd period - Snap shot by Sven Andrighetto.
1:41 of 2nd period - Goal by Sven Andrighetto - Comets : 0 - Phantoms : 2.
1:42 of 2nd period - Calle Jarnkrok wins face-off versus Nathan Gerbe in neutral zone.
1:45 of 2nd period - Snap shot by Travis Konecny.
1:45 of 2nd period - Shot Misses the Net.
1:58 of 2nd period - Patrick Wey is hit by Reid McNeill and loses puck.
2:09 of 2nd period - Joshua Leivo is hit by Nick Sorensen and loses puck.
2:17 of 2nd period - Off-side.
2:18 of 2nd period - Nick Shore wins face-off versus Nicolas Petan in neutral zone.
2:45 of 2nd period - Wrist shot by Travis Konecny.
2:45 of 2nd period - Stopped by Thatcher Demko with a rebound.
2:51 of 2nd period - Wrist shot by Taylor Beck.
2:51 of 2nd period - Stopped by Anton Forsberg with a rebound.
2:53 of 2nd period - Snap shot by Taylor Beck.
2:53 of 2nd period - Stopped by Anton Forsberg with a rebound.
3:11 of 2nd period - Wrist shot by Joshua Leivo.
3:11 of 2nd period - Stopped by Anton Forsberg with a rebound.
3:33 of 2nd period - Wrist shot by Lucas Wallmarkk.
3:33 of 2nd period - Goal by Lucas Wallmarkk - Comets : 0 - Phantoms : 3.
3:34 of 2nd period - Calle Jarnkrok wins face-off versus Nathan Gerbe in neutral zone.
3:42 of 2nd period - Slapshot by Michael Bournival.
3:42 of 2nd period - Deflect By Travis Konecny.
3:42 of 2nd period - Shot Blocked by Patrick Wey.
3:42 of 2nd period - Puck is out of play.
3:43 of 2nd period - Calle Jarnkrok wins face-off versus Nathan Gerbe in Comets zone.
3:46 of 2nd period - Backhand shot by Michael Bournival.
3:46 of 2nd period - Stopped by Thatcher Demko without a rebound.
3:47 of 2nd period - Calle Jarnkrok wins face-off versus Nathan Gerbe in Comets zone.
3:56 of 2nd period - Snap shot by Travis Konecny.
3:56 of 2nd period - Shot Misses the Net.
3:58 of 2nd period - Slapshot by Jake Dotchin.
3:58 of 2nd period - Shot Misses the Net.
4:00 of 2nd period - Snap shot by Calle Jarnkrok.
4:00 of 2nd period - Stopped by Thatcher Demko with a rebound.
4:04 of 2nd period - Wrist shot by Calle Jarnkrok.
4:04 of 2nd period - Shot Blocked by Dennis Everberg.
4:10 of 2nd period - Minor Penalty to Juuso Riikola for Slashing.
4:11 of 2nd period - Taylor Beck wins face-off versus Calle Jarnkrok in Comets zone.
4:22 of 2nd period - Slapshot by Michael Bournival.
4:22 of 2nd period - Shot Misses the Net.
4:24 of 2nd period - Slapshot by Reid McNeill.
4:24 of 2nd period - Stopped by Thatcher Demko with a rebound.
4:52 of 2nd period - Slapshot by Reid McNeill.
4:52 of 2nd period - Shot Blocked by Dennis Everberg.
4:54 of 2nd period - Snap shot by Nick Shore.
4:54 of 2nd period - Stopped by Thatcher Demko with a rebound.
6:10 of 2nd period - Penalty to Juuso Riikola is over, Juuso Riikola is back on ice.
6:39 of 2nd period - Rinat Valiev is hit by Andrej Nestrasil and loses puck.
6:48 of 2nd period - Slapshot by Andrej Nestrasil.
6:48 of 2nd period - Stopped by Anton Forsberg without a rebound.
6:49 of 2nd period - Cristoval Nieves wins face-off versus Axel Holmstrom in Phantoms zone.
7:23 of 2nd period - Snap shot by Lucas Wallmarkk.
7:23 of 2nd period - Stopped by Thatcher Demko without a rebound.
7:24 of 2nd period - Nathan Gerbe wins face-off versus Calle Jarnkrok in Comets zone.
7:31 of 2nd period - Snap shot by Taylor Beck.
7:31 of 2nd period - Stopped by Anton Forsberg with a rebound.
7:33 of 2nd period - Slapshot by Juuso Riikola.
7:33 of 2nd period - Deflect By Nathan Gerbe.
7:33 of 2nd period - Shot Misses the Net.
7:33 of 2nd period - Puck is out of play.
7:34 of 2nd period - Calle Jarnkrok wins face-off versus Nathan Gerbe in Phantoms zone.
7:41 of 2nd period - Slapshot by Michael Bournival.
7:41 of 2nd period - Stopped by Thatcher Demko with a rebound.
7:47 of 2nd period - Jake Dotchin is hit by Nathan Gerbe and loses puck.
7:52 of 2nd period - Slapshot by Taylor Beck.
7:52 of 2nd period - Goal by Taylor Beck - Comets : 1 - Phantoms : 3.
7:53 of 2nd period - Calle Jarnkrok wins face-off versus Nathan Gerbe in neutral zone.
8:25 of 2nd period - Wrist shot by Cristoval Nieves.
8:25 of 2nd period - Shot Misses the Net.
8:27 of 2nd period - Snap shot by Erik Nystrom.
8:27 of 2nd period - Shot Misses the Net.
9:32 of 2nd period - Slapshot by Lucas Wallmarkk.
9:32 of 2nd period - Shot Blocked by Dennis Everberg.
9:44 of 2nd period - Nick Sorensen is hit by Andrej Nestrasil and loses puck.
9:51 of 2nd period - Wrist shot by Erik Nystrom.
9:51 of 2nd period - Shot Blocked by Sami Niku.
10:01 of 2nd period - Oliver Kylington is hit by Sven Andrighetto and loses puck.
10:10 of 2nd period - Wrist shot by Nick Shore.
10:10 of 2nd period - Shot Misses the Net.
10:31 of 2nd period - Jake Dotchin is hit by Kurtis Macdermid.
11:23 of 2nd period - Nicolas Petan is hit by Blake Heinrich and loses puck.
11:27 of 2nd period - Icing by Patrick Wey.
11:28 of 2nd period - Nick Shore wins face-off versus Nicolas Petan in Comets zone.
11:31 of 2nd period - Slapshot by Nick Shore.
11:31 of 2nd period - Shot Blocked by William Lagesson.
11:33 of 2nd period - Snap shot by Alex DeBrincat.
11:33 of 2nd period - Deflect By Nick Shore.
11:33 of 2nd period - Shot Blocked by Mackenzie MacEachern.
11:33 of 2nd period - Puck is out of play.
11:34 of 2nd period - Nathan Gerbe wins face-off versus Calle Jarnkrok in Comets zone.
11:49 of 2nd period - Slapshot by Taylor Beck.
11:49 of 2nd period - Shot Blocked by Calle Jarnkrok.
12:05 of 2nd period - Snap shot by Nick Shore.
12:05 of 2nd period - Shot Hit the Post.
12:07 of 2nd period - Slapshot by Brenden Kichton.
12:07 of 2nd period - Stopped by Thatcher Demko with a rebound.
12:09 of 2nd period - Wrist shot by Alex DeBrincat.
12:09 of 2nd period - Stopped by Thatcher Demko with a rebound.
12:19 of 2nd period - Reid McNeill is hit by Juho Lammikko and loses puck.
13:08 of 2nd period - Wrist shot by Nathan Gerbe.
13:08 of 2nd period - Shot Misses the Net.
13:10 of 2nd period - Slapshot by William Lagesson.
13:10 of 2nd period - Stopped by Anton Forsberg without a rebound.
13:11 of 2nd period - Nick Shore wins face-off versus Nathan Gerbe in Phantoms zone.
13:36 of 2nd period - Minor Penalty to Jake Dotchin for Slashing.
13:37 of 2nd period - Dennis Everberg wins face-off versus Michael Bournival in Phantoms zone.
13:44 of 2nd period - Wrist shot by Nathan Gerbe.
13:44 of 2nd period - Stopped by Anton Forsberg with a rebound.
13:46 of 2nd period - Wrist shot by Dennis Everberg.
13:46 of 2nd period - Shot Blocked by Michael Bournival.
13:48 of 2nd period - Wrist shot by Taylor Beck.
13:48 of 2nd period - Shot Misses the Net.
13:50 of 2nd period - Wrist shot by Nathan Gerbe.
13:50 of 2nd period - Goal by Nathan Gerbe - Comets : 2 - Phantoms : 3.
13:51 of 2nd period - Calle Jarnkrok wins face-off versus Nathan Gerbe in neutral zone.
14:08 of 2nd period - Icing by Michael Bournival.
14:09 of 2nd period - Calle Jarnkrok wins face-off versus Andrej Nestrasil in Phantoms zone.
14:44 of 2nd period - Wrist shot by Travis Konecny.
14:44 of 2nd period - Stopped by Thatcher Demko without a rebound.
14:45 of 2nd period - Nick Shore wins face-off versus Nathan Gerbe in Comets zone.
14:46 of 2nd period - Wrist shot by Alex DeBrincat.
14:46 of 2nd period - Stopped by Thatcher Demko without a rebound.
14:47 of 2nd period - Nathan Gerbe wins face-off versus Nick Shore in Comets zone.
15:23 of 2nd period - Snap shot by Nathan Gerbe.
15:23 of 2nd period - Shot Blocked by Reid McNeill.
15:25 of 2nd period - Slapshot by Oliver Kylington.
15:25 of 2nd period - Stopped by Anton Forsberg without a rebound.
15:26 of 2nd period - Calle Jarnkrok wins face-off versus Andrej Nestrasil in Phantoms zone.
15:26 of 2nd period - Calle Jarnkrok is hit by Joshua Leivo.
15:35 of 2nd period - Minor Penalty to Joshua Leivo for Holding.
15:36 of 2nd period - Dennis Everberg wins face-off versus Calle Jarnkrok in Comets zone.
16:39 of 2nd period - Blake Heinrich is hit by Sami Niku and loses puck.
16:59 of 2nd period - Icing by Ivan Provorov.
17:00 of 2nd period - William Lockwood wins face-off versus Nick Shore in Phantoms zone.
17:03 of 2nd period - Slapshot by Anton Karlsson.
17:03 of 2nd period - Stopped by Anton Forsberg without a rebound.
17:04 of 2nd period - Nick Shore wins face-off versus William Lockwood in Phantoms zone.
17:17 of 2nd period - Snap shot by Jake Dotchin.
17:17 of 2nd period - Shot Blocked by Juuso Riikola.
17:19 of 2nd period - Slapshot by Jake Dotchin.
17:19 of 2nd period - Shot Blocked by Patrick Wey.
17:33 of 2nd period - Slapshot by Jake Dotchin.
17:33 of 2nd period - Shot Blocked by Juuso Riikola.
17:35 of 2nd period - Penalty to Joshua Leivo is over, Joshua Leivo is back on ice.
17:41 of 2nd period - Wrist shot by Taylor Beck.
17:41 of 2nd period - Stopped by Anton Forsberg with a rebound.
17:43 of 2nd period - Backhand shot by Joshua Leivo.
17:43 of 2nd period - Shot Misses the Net.
17:45 of 2nd period - Slapshot by Dennis Everberg.
17:45 of 2nd period - Comets goal is going for a video replay.
17:45 of 2nd period - The goal is refused. The puck has been directed, batted or thrown into the net by an attacking player other than with a stick..
17:46 of 2nd period - Nick Shore wins face-off versus Andrej Nestrasil in Phantoms zone.
18:18 of 2nd period - Snap shot by Mackenzie MacEachern.
18:18 of 2nd period - Stopped by Anton Forsberg with a rebound.
18:20 of 2nd period - Slapshot by Nicolas Petan.
18:20 of 2nd period - Shot Misses the Net.
18:34 of 2nd period - Nick Sorensen is hit by Nathan Gerbe.
19:31 of 2nd period - Wrist shot by Alex DeBrincat.
19:31 of 2nd period - Stopped by Thatcher Demko without a rebound.
19:32 of 2nd period - Andrej Nestrasil wins face-off versus Nick Shore in Comets zone.
19:32 of 2nd period - Andrej Nestrasil is hit by Rinat Valiev.
19:38 of 2nd period - Wrist shot by Nick Shore.
19:38 of 2nd period - Stopped by Thatcher Demko with a rebound.
19:40 of 2nd period - Wrist shot by Alex DeBrincat.
19:40 of 2nd period - Stopped by Thatcher Demko without a rebound.
19:41 of 2nd period - Calle Jarnkrok wins face-off versus Nathan Gerbe in Comets zone.
19:46 of 2nd period - Wrist shot by Travis Konecny.
19:46 of 2nd period - Goal by Travis Konecny - Comets : 2 - Phantoms : 4.
19:47 of 2nd period - Calle Jarnkrok wins face-off versus Nathan Gerbe in neutral zone.
Goals for this period are 2 for Comets vs 3 for Phantoms.
Shots for this period are 14 for Comets vs 18 for Phantoms.
3rd period
0:01 of 3rd period - Calle Jarnkrok wins face-off versus Nathan Gerbe in neutral zone.
0:30 of 3rd period - Snap shot by Andrej Nestrasil.
0:30 of 3rd period - Stopped by Anton Forsberg without a rebound.
0:31 of 3rd period - Andrej Nestrasil wins face-off versus Nick Shore in Phantoms zone.
0:56 of 3rd period - Wrist shot by Alex DeBrincat.
0:56 of 3rd period - Stopped by Thatcher Demko with a rebound.
1:43 of 3rd period - Snap shot by Phil Di Giuseppe.
1:43 of 3rd period - Shot Misses the Net.
1:45 of 3rd period - Wrist shot by Joshua Leivo.
1:45 of 3rd period - Stopped by Anton Forsberg with a rebound.
1:47 of 3rd period - Slapshot by Phil Di Giuseppe.
1:47 of 3rd period - Stopped by Anton Forsberg with a rebound.
1:51 of 3rd period - Wrist shot by Joshua Leivo.
1:51 of 3rd period - Shot Misses the Net.
1:53 of 3rd period - Snap shot by Andrej Nestrasil.
1:53 of 3rd period - Shot Blocked by Sven Andrighetto.
2:01 of 3rd period - Nick Shore is hit by Andrej Nestrasil and loses puck.
2:16 of 3rd period - Wrist shot by Sven Andrighetto.
2:16 of 3rd period - Stopped by Thatcher Demko with a rebound.
2:42 of 3rd period - Snap shot by Andrej Nestrasil.
2:42 of 3rd period - Shot Blocked by Brenden Kichton.
2:44 of 3rd period - Wrist shot by Joshua Leivo.
2:44 of 3rd period - Goal by Joshua Leivo - Comets : 3 - Phantoms : 4.
2:45 of 3rd period - Calle Jarnkrok wins face-off versus Nathan Gerbe in neutral zone.
3:00 of 3rd period - Snap shot by Nathan Gerbe.
3:00 of 3rd period - Deflect By Travis Konecny.
3:00 of 3rd period - Stopped by Anton Forsberg without a rebound.
3:01 of 3rd period - Nicolas Petan wins face-off versus Cristoval Nieves in Phantoms zone.
3:10 of 3rd period - Wrist shot by Nicolas Petan.
3:10 of 3rd period - Deflect By Mackenzie MacEachern.
3:10 of 3rd period - Stopped by Anton Forsberg with a rebound.
3:26 of 3rd period - Calle Jarnkrok is hit by Patrick Wey and loses puck.
6:49 of 3rd period - Snap shot by Mackenzie MacEachern.
6:49 of 3rd period - Stopped by Anton Forsberg without a rebound.
6:50 of 3rd period - Nicolas Petan wins face-off versus Nick Shore in Phantoms zone.
7:14 of 3rd period - Michael Bournival is hit by Patrick Wey and loses puck.
7:21 of 3rd period - Slapshot by Reid McNeill.
7:21 of 3rd period - Shot Blocked by Juuso Riikola.
7:23 of 3rd period - Wrist shot by Travis Konecny.
7:23 of 3rd period - Goal by Travis Konecny - Comets : 3 - Phantoms : 5.
7:24 of 3rd period - Nathan Gerbe wins face-off versus Michael Bournival in neutral zone.
7:57 of 3rd period - Wrist shot by Andrej Nestrasil.
7:57 of 3rd period - Shot Misses the Net.
7:59 of 3rd period - Slapshot by Patrick Wey.
7:59 of 3rd period - Deflect By Reid McNeill.
7:59 of 3rd period - Stopped by Anton Forsberg with a rebound.
8:01 of 3rd period - Slapshot by Patrick Wey.
8:01 of 3rd period - Deflect By Phil Di Giuseppe.
8:01 of 3rd period - Stopped by Anton Forsberg with a rebound.
8:58 of 3rd period - Michael Bournival is hit by Dennis Everberg and loses puck.
9:09 of 3rd period - Andrej Nestrasil is hit by Michael Bournival and loses puck.
10:02 of 3rd period - Lucas Wallmarkk is hit by Dennis Everberg and loses puck.
11:03 of 3rd period - Erik Nystrom is hit by Taylor Beck and loses puck.
11:22 of 3rd period - Slapshot by Mikko Lehtonen.
11:22 of 3rd period - Deflect By Patrick Wey.
11:22 of 3rd period - Stopped by Thatcher Demko without a rebound.
11:23 of 3rd period - Axel Holmstrom wins face-off versus Lucas Wallmarkk in Comets zone.
11:33 of 3rd period - Icing by Blake Heinrich.
11:34 of 3rd period - Nathan Gerbe wins face-off versus Lucas Wallmarkk in Phantoms zone.
11:37 of 3rd period - Slapshot by Taylor Beck.
11:37 of 3rd period - Deflect By Nathan Gerbe.
11:37 of 3rd period - Shot Misses the Net.
11:37 of 3rd period - Puck is out of play.
11:38 of 3rd period - Nathan Gerbe wins face-off versus Calle Jarnkrok in Phantoms zone.
11:53 of 3rd period - Wrist shot by Nathan Gerbe.
11:53 of 3rd period - Deflect By Michael Bournival.
11:53 of 3rd period - Shot Misses the Net.
11:53 of 3rd period - Puck is out of play.
11:54 of 3rd period - Nick Shore wins face-off versus Andrej Nestrasil in Phantoms zone.
12:07 of 3rd period - Nick Shore is hit by Patrick Wey and loses puck.
12:29 of 3rd period - Snap shot by Nicolas Petan.
12:29 of 3rd period - Goal by Nicolas Petan - Comets : 4 - Phantoms : 5.
12:30 of 3rd period - Taylor Beck wins face-off versus Calle Jarnkrok in neutral zone.
12:57 of 3rd period - Slapshot by Joshua Leivo.
12:57 of 3rd period - Stopped by Anton Forsberg with a rebound.
13:22 of 3rd period - Slapshot by Brenden Kichton.
13:22 of 3rd period - Stopped by Thatcher Demko with a rebound.
13:24 of 3rd period - Slapshot by Erik Nystrom.
13:24 of 3rd period - Shot Misses the Net.
13:45 of 3rd period - Wrist shot by Kurtis Macdermid.
13:45 of 3rd period - Stopped by Anton Forsberg without a rebound.
13:46 of 3rd period - Nathan Gerbe wins face-off versus Calle Jarnkrok in Phantoms zone.
13:55 of 3rd period - Slapshot by Nathan Gerbe.
13:55 of 3rd period - Shot Blocked by Ivan Provorov.
13:57 of 3rd period - Snap shot by Juuso Riikola.
13:57 of 3rd period - Shot Misses the Net.
13:59 of 3rd period - Slapshot by Patrick Wey.
13:59 of 3rd period - Shot Blocked by Michael Bournival.
14:01 of 3rd period - Slapshot by Juuso Riikola.
14:01 of 3rd period - Shot Misses the Net.
14:55 of 3rd period - Snap shot by Brendan Leipsic.
14:55 of 3rd period - Stopped by Thatcher Demko with a rebound.
15:19 of 3rd period - Patrick Wey is hit by Michael Bournival and loses puck.
15:28 of 3rd period - Ivan Provorov is hit by Nathan Gerbe and loses puck.
15:43 of 3rd period - Slapshot by Sven Andrighetto.
15:43 of 3rd period - Stopped by Thatcher Demko with a rebound.
15:45 of 3rd period - Slapshot by Ivan Provorov.
15:45 of 3rd period - Stopped by Thatcher Demko without a rebound.
15:46 of 3rd period - Nicolas Petan wins face-off versus Erik Nystrom in Comets zone.
15:55 of 3rd period - Snap shot by Juho Lammikko.
15:55 of 3rd period - Stopped by Anton Forsberg without a rebound.
15:56 of 3rd period - Nicolas Petan wins face-off versus Cristoval Nieves in Phantoms zone.
16:01 of 3rd period - Wrist shot by Mackenzie MacEachern.
16:01 of 3rd period - Shot Blocked by Cristoval Nieves.
16:03 of 3rd period - Snap shot by Sami Niku.
16:03 of 3rd period - Shot Misses the Net.
16:05 of 3rd period - Snap shot by Nicolas Petan.
16:05 of 3rd period - Shot Blocked by Jake Dotchin.
16:07 of 3rd period - Slapshot by Oliver Kylington.
16:07 of 3rd period - Shot Blocked by Reid McNeill.
16:09 of 3rd period - Wrist shot by Juho Lammikko.
16:09 of 3rd period - Shot Misses the Net.
17:06 of 3rd period - Nicolas Petan is hit by Cristoval Nieves.
17:47 of 3rd period - Snap shot by Mackenzie MacEachern.
17:47 of 3rd period - Stopped by Anton Forsberg without a rebound.
17:48 of 3rd period - Calle Jarnkrok wins face-off versus Nathan Gerbe in Phantoms zone.
18:24 of 3rd period - Wrist shot by Nick Shore.
18:24 of 3rd period - Deflect By Sven Andrighetto.
18:24 of 3rd period - Shot Misses the Net.
18:24 of 3rd period - Puck is out of play.
18:25 of 3rd period - Nathan Gerbe wins face-off versus Calle Jarnkrok in Comets zone.
18:52 of 3rd period - Dennis Everberg is hit by Michael Bournival and loses puck.
19:17 of 3rd period - Nathan Gerbe is hit by Michael Bournival and loses puck.
Goals for this period are 2 for Comets vs 1 for Phantoms.
Shots for this period are 14 for Comets vs 8 for Phantoms.